 Dungeon Crawl Stone Soup version 0.28-a0-1510-gd0f6b136d3 (webtiles) character file.

Game seed: 16999090330550415544

3 comborobin the Sneak (level 1, 0/13 HPs)
             Began as a Deep Elf Delver on Jan 15, 2022.
             Succumbed to an orc warrior zombie's poison
             ... on level 5 of the Dungeon.
             The game lasted 00:01:02 (676 turns).

comborobin the Sneak (Deep Elf Delver)               Turns: 676, Time: 00:01:03

Health: 0/13       AC:  3    Str:  9    XL:     1   Next: 41%
Magic:  3/3        EV: 12    Int: 14    God:
Gold:   22         SH:  0    Dex: 16    Spells: 0/0 levels left

rFire   + . .      SeeInvis .   a - +0 short sword
rCold   + . .      Faith    .   (no shield)
rNeg    . . .      Spirit   .   b - +0 leather armour
rPois   +          Reflect  .   (no helmet)
rElec   +          Harm     .   (no cloak)
rCorr   +          Rampage  .   (no gloves)
Will    .....                   (no boots)
Stlth   +++.......              (no amulet)
HPRegen 0.04/turn               (no ring)
MPRegen 0.08/turn               (no ring)

@: lethally poisoned (0 -> -11), resistant
A: no striking features
a: no special abilities


You were on level 5 of the Dungeon.
You visited 1 branch of the dungeon, and saw 3 of its levels.

You collected 22 gold pieces.

Inventory:

Hand Weapons
 a - a +0 short sword (weapon)
Armour
 b - a +0 leather armour (worn)
Wands
 g - a wand of digging (2)
Scrolls
 c - a scroll of fog
 d - a scroll of magic mapping


   Skills:
 - Level 2.4 Fighting
 + Level 2.3 Short Blades
 - Level 2.4 Dodging
 - Level 6.0 Stealth


You couldn't memorise any spells.
You didn't know any spells.
Your spell library contained the following spells:

 Spells                   Type           Power      Damage    Failure   Level
 Animate Skeleton         Necr           0%         N/A       38%         1
 Pain                     Necr           0%         1d4       38%         1
 Vampiric Draining        Necr           0%         2d6       77%         3


Dungeon Overview and Level Annotations

Branches:
Dungeon (6/15)
 Temple: D:4-7

Altars:

Annotations:
D:5 1 transporter, exclusion: scorpion


Message History

There is an open door here.
There is an open door here.
Key pressed, stopping explore.
You open the door.
There is an open door here.
A water moccasin skeleton is nearby!
A water moccasin skeleton is nearby!
You aren't carrying any potions.
Unknown command.
Okay, then.
Okay, then.
There is an open door here.
You close the door.
You start waiting.
Done waiting.
Aiming: Dig
Press: ? - help, Shift-Dir - straight line A rock wall.
The rock shatters into small pieces.
Found a transporter.
Found a potion of resistance.
There is a transporter here.
You enter the transporter and appear at another place.
e - a potion of resistance
There are no items here.
You feel protected.
You open the gate.
An orc warrior zombie and an ogre zombie come into view.
The orc warrior zombie is wielding a +0 flail of venom.
The ogre zombie is wielding a +0 giant club of venom.
Found a coral ring, 26 gold pieces, 6 poisoned darts and 25 stones.
Found a transporter.
Okay, then.
An ogre zombie comes into view.
It is wielding a +0 giant club of venom.
There is an open gate here.
The orc warrior zombie hits you with a +0 flail of venom!
Ouch! That really hurt!
You are lethally poisoned!
You aren't carrying any potions.
* * * LOW HITPOINT WARNING * * *
You feel very sick.
You die...

.....#...#.#○°.☼○☼○#
.....#...+.#○○#©#○°#
.....#...#.#○°...°.#
######...#.#○°#.#☼°#
....##...#.#.○...○°#
.....Z...#####○°○####
.........##Z°☼○Z○○.○#
.........##☼○○○○☼☼○○#
.........##○○○Z.@○°○#
.........##○°°$=$☼☼.#
###########☼○○(©(○○°#
########### ##.©.##
....# .....# ......#


You could see an orc warrior zombie and 2 ogre zombies.

Vanquished Creatures
  An orc (D:4)
  An endoplasm (D:5)
2 creatures vanquished.

Notes
Turn   | Place    | Note
-------+----------+-------------------------------------------
     0 | D:5      | comborobin the Deep Elf Delver began the quest for the Orb.
     0 | D:5      | Reached XP level 1. HP: 13/13 MP: 3/3
     7 | D:5      | Noticed a scorpion
   349 | D:4      | Noticed an orc priest
   662 | D:5      | Found a transporter.
   672 | D:5      | Found a transporter.
   676 | D:5      | Succumbed to an orc warrior zombie's poison

Illustrated notes

Levels and vault maps discovered:
D:4:      layout_gridville, mainiacjoe_overflow_surrounded_room,
          minmay_misc_feat_columns, uniq_pikel
D:5:      gammafunk_cloud_chamber, layout_gridville, kennysheep_generic_room_14
D:6:      layout_gridville, kennysheep_little_box, serial_shops,
          nicolae_lakefront_shop

Action                   || total
-------------------------++-------
Melee: Short sword       ||     5
Evoke: Wand              ||     1
  Use: Potion            ||     2
       Scroll            ||     1
 Stab: Sleeping          ||     1
Armor: Leather armour    ||     1
Dodge: Dodged            ||     3

Table legend: (Time is in decaauts)
 A = Elapsed time spent in this place.
 B = Non-inter-level travel time spent in this place.
 C = Inter-level travel time spent in this place.
 D = Time resting spent in this place.
 E = Time spent auto-exploring this place.
 F = Levels seen in this place.
 G = Mean time per level.
                   A        B        C        D        E       F      G
               +--------+--------+--------+--------+--------+-----+--------+
         Total |    657 |    652 |      5 |    451 |    111 |   3 |  219.0 |
       Dungeon |    657 |    652 |      5 |    451 |    111 |   3 |  219.0 |
               +--------+--------+--------+--------+--------+-----+--------+

Top non-repeatable levels by time:
     D:5: 649 daAuts
     D:4: 5 daAuts
     D:6: 1 daAuts
